 Dungeon Crawl Stone Soup version 0.27-a0-887-gcab673c142 (webtiles) character file.

Game seed: 8782165838200402615

60 leviel the Skirmisher (level 4, 0/41 HPs)
             Began as a Hill Orc Fighter on Apr 4, 2021.
             Slain by a phantom (6 damage)
             ... on level 4 of the Dungeon.
             The game lasted 00:02:31 (2471 turns).

leviel the Skirmisher (Hill Orc Fighter)            Turns: 2471, Time: 00:02:31

Health: 0/41       AC:  7    Str: 19    XL:     4   Next: 4%
Magic:  4/4        EV:  7    Int:  8    God:
Gold:   58         SH:  9    Dex: 10    Spells: 3/3 levels left

rFire    . . .     SeeInvis .   n - +3 falchion
rCold    . . .     Faith    .   c - +0 kite shield
rNeg     . . .     Spirit   .   b - +0 scale mail
rPois    .         Reflect  .   e - +0 hat
rElec    .         Harm     .   (no cloak)
rCorr    .         Rampage  .   (no gloves)
Will     .....                  (no boots)
Stlth    ..........             (no amulet)
HPRegen  0.13/turn              (no ring)
MPRegen  0.09/turn              (no ring)

@: mighty
A: no striking features
a: no special abilities


You were on level 4 of the Dungeon.
You visited 1 branch of the dungeon, and saw 4 of its levels.

You collected 58 gold pieces.

Inventory:

Hand Weapons
 a - a +0 war axe
 n - a +3 falchion (weapon)
Armour
 b - a +0 scale mail (worn)
 c - a +0 kite shield (worn)
 e - a +0 hat (worn)
Jewellery
 f - a ring of fire
 k - a +6 ring of dexterity
Scrolls
 g - 2 scrolls of enchant weapon {unknown}
 j - 2 scrolls of identify {unknown}
 p - a scroll of acquirement {unknown}
 q - a scroll of enchant armour {unknown}
Potions
 h - 2 potions of curing {unknown}
 i - a potion of brilliance {unknown}
 l - a potion of haste {unknown}
 m - a potion of magic {unknown}
 o - a potion of ambrosia {unknown}


   Skills:
 + Level 4.4 Fighting
 + Level 0.4 Long Blades
 + Level 3.7 Axes
 + Level 3.8 Armour
 + Level 3.6 Shields


You had 3 spell levels left.
You didn't know any spells.
Your spell library was empty.

Dungeon Overview and Level Annotations

Branches:
Dungeon (4/15)
 Temple: D:4-7

Altars:
Fedhas
Wu Jian


Message History

You are too injured to fight recklessly!
You are too injured to fight recklessly!
You are too injured to fight recklessly!
You are too injured to fight recklessly!
You are too injured to fight recklessly!
You are too injured to fight recklessly!
You are too injured to fight recklessly!
You are too injured to fight recklessly!
Unknown command.
You feel very mighty all of a sudden. You block the phantom's attack.
You slash the phantom!
The phantom is severely damaged.
The phantom hits you.
* * * LOW HITPOINT WARNING * * *
The phantom blinks!
You blink.
An orc comes into view. It is wielding a +0 whip.
You are too injured to fight recklessly!
You closely miss the phantom.
The phantom is severely damaged.
The orc shouts!
The phantom hits you.
* * * LOW HITPOINT WARNING * * *
The phantom blinks!
You blink.
You block the orc's attack. The phantom closely misses you.
You completely miss the phantom.
The phantom is severely damaged.
The orc completely misses you. The phantom hits you.
* * * LOW HITPOINT WARNING * * *
The phantom blinks!
You blink.
You barely miss the phantom.
The phantom is heavily damaged.
The orc hits you but does no damage. You block the phantom's attack.
The orc hits you but does no damage. The phantom closely misses you.
You riposte.
You slash the phantom!
The phantom is almost destroyed.
You closely miss the phantom.
The phantom is almost destroyed.
The orc closely misses you. The phantom hits you.
You die...

.. #.
###.##+##
#.......#
#.......#
#.....(.#
#.......#
+....o..+
#..W@...#
######.##
#.# #ยง#
#.# #.# #.#
#.#
...######.#


You could see a phantom and an orc.

Vanquished Creatures
  An adder (D:3)
  A worm (D:3)
  A dart slug (D:2)
  4 orcs
  4 bats
  4 endoplasms
  2 giant cockroaches (D:2)
  2 goblins
  5 hobgoblins
  5 kobolds
  A quokka (D:2)
  4 ball pythons
  2 frilled lizards
  3 rats
39 creatures vanquished.

Notes
Turn   | Place    | Note
-------+----------+-------------------------------------------
     0 | D:1      | leviel the Hill Orc Fighter began the quest for the Orb.
     0 | D:1      | Reached XP level 1. HP: 19/19 MP: 1/1
   292 | D:1      | Reached skill level 4 in Fighting
   420 | D:1      | Reached XP level 2. HP: 27/27 MP: 2/2
  1363 | D:2      | Reached XP level 3. HP: 33/33 MP: 3/3
  1447 | D:2      | Found an ornate altar of the Wu Jian Council.
  2017 | D:3      | Found a blossoming altar of Fedhas.
  2314 | D:3      | Reached XP level 4. HP: 41/41 MP: 4/4
  2453 | D:4      | Noticed a phantom
  2471 | D:4      | Slain by a phantom

Illustrated notes

Levels and vault maps discovered:
D:1:      heliophobic_arrival_glass_houses, layout_loops_ring,
          minmay_misc_feat_alley
D:2:      kennysheep_big_flooded_room, layout_loops_cross, basic_altar
D:3:      layout_basic, lemuel_crystal_altar
D:4:      layout_basic, corexii_corridor_pit, kennysheep_crisscross,
          uniq_grinder

Skill      XL: |  1  2 |
---------------+-------+-----
Fighting       | 4 |  4.4
Axes           | 3 |  3.7
Long Blades    | |  0.4
Armour         | |  3.8
Shields        | |  3.6

Action                   |  1- 3 |  4- 6 || total
-------------------------+-------+-------++-------
Melee: War axe           |    62 |       ||    62
       Falchion          |    32 |    16 ||    48
  Use: Potion            |       |     1 ||     1
Armor: Scale mail        |    39 |     5 ||    44
Dodge: Dodged            |    22 |     5 ||    27
Block: Kite shield       |    49 |     8 ||    57
       Rpst.: Falchion   |     2 |     2 ||     4

Table legend: (Time is in decaauts)
 A = Elapsed time spent in this place.
 B = Non-inter-level travel time spent in this place.
 C = Inter-level travel time spent in this place.
 D = Time resting spent in this place.
 E = Time spent auto-exploring this place.
 F = Levels seen in this place.
 G = Mean time per level.
                   A        B        C        D        E       F      G
               +--------+--------+--------+--------+--------+-----+--------+
         Total |   2530 |   2436 |     94 |      0 |   2149 |   4 |  632.5 |
       Dungeon |   2530 |   2436 |     94 |      0 |   2149 |   4 |  632.5 |
               +--------+--------+--------+--------+--------+-----+--------+

Top non-repeatable levels by time:
     D:1: 1045 daAuts
     D:2: 739 daAuts
     D:3: 720 daAuts
     D:4: 25 daAuts
